 Dungeon Crawl Stone Soup version 0.20.1-1-g8b1a95d (webtiles) character file.

93 raph the Magician (level 4, 0/31 HPs)
             Began as a Human Wizard on Oct 13, 2017.
             Slain by an ice beast (10 damage)
             ... on level 4 of the Dungeon.
             The game lasted 00:07:25 (3299 turns).

raph the Magician (Human Wizard)                    Turns: 3299, Time: 00:07:26

Health: 0/31       AC:  4    Str:  8    XL:     4   Next: 92%
Magic:  0/9        EV: 12    Int: 19    God:
Gold:   117        SH:  0    Dex: 11    Spells: 2/10 levels left

rFire    . . .     SeeInvis .   e - +0 whip
rCold    . . .     Gourm    .   (no shield)
rNeg     . . .     Faith    .   o - +0 leather armour
rPois    .         Spirit   .   b - +0 hat
rElec    .         Reflect  .   (no cloak)
rCorr    .         Harm     .   p - +0 pair of gloves
MR       .....                  (no boots)
Stlth    ++........             (no amulet)
Regen    0.1/turn               (no ring)
MPRegen  0.2/turn               (no ring)

@: no status effects
A: no striking features
a: no special abilities


You were on level 4 of the Dungeon.
You were hungry.

You visited 1 branch of the dungeon, and saw 4 of its levels.

You collected 117 gold pieces.

Inventory:

Hand Weapons
 e - a +0 whip (weapon)
Missiles
 u - 8 tomahawks (quivered)
Armour
 a - a +0 robe
 b - a +0 hat (worn)
 o - a +0 leather armour (worn)
 p - a +0 pair of gloves (worn)
Wands
 q - a wand of polymorph (16/24)
Potions
 k - 3 potions of magic
 l - a potion of cancellation {unknown}
 m - a potion of might {unknown}
 n - a potion of degeneration {unknown}
 s - 2 potions of brilliance {unknown}
 v - a potion of resistance {unknown}
 x - a potion of curing {unknown}
Books
 c - a book of Minor Magic

   Spells                             Type                      Level
   a - Magic Dart                     Conjuration                  1
   b - Blink                          Translocation                2
   c - Call Imp                       Summoning                    2
   d - Slow                           Hexes                        2
   e - Conjure Flame                  Conjuration/Fire             3
   f - Mephitic Cloud                 Conjuration/Poison/Air       3
Comestibles
 d - 2 bread rations
 h - 2 meat rations
 w - a chunk of flesh


   Skills:
 + Level 0.8 Fighting
 - Level 0.2 Maces & Flails
 + Level 1.1 Armour
 + Level 2.3 Dodging
 - Level 2.1 Stealth
 + Level 3.9 Spellcasting
 * Level 2.0 Conjurations
 - Level 1.0 Summonings
 - Level 1.0 Translocations


You had 2 spell levels left.
You knew the following spells:

 Your Spells              Type           Power        Failure   Level  Hunger
a - Magic Dart            Conj           ##..         9%          1    None
b - Blink                 Tloc           N/A          19%         2    ##.....
c - Call Imp              Summ           #.......     19%         2    ##.....
d - Conjure Flame         Conj/Fire      #.......     36%         3    ###....


Dungeon Overview and Level Annotations

Branches:
Dungeon (4/15)
 Temple: D:4-7

Altars:

Annotations:
D:3 Irenicus's ghost, amateur OpCK


Message History

The magic dart hits the ice beast.
The ice beast is moderately wounded.
You barely miss the ice beast.
The ice beast is moderately wounded.
The ice beast closely misses you.
The ice beast hits you but does no damage.
Casting: Magic Dart
Confirm with . or Enter, or press ? or * to list all spells.
Aiming: Magic Dart
Press: ? - help, Shift-Dir - straight line, f/p - ice beast
Aim: an ice beast (moderately wounded)
The magic dart hits the ice beast.
The ice beast is moderately wounded.
Your crimson imp hits the ice beast.
The ice beast hits you. The ice beast freezes you!
You barely miss the ice beast.
The ice beast is heavily wounded.
Your crimson imp closely misses the ice beast.
The ice beast hits you. The ice beast freezes you!
You die...

#########
#@.......
#Y######.
#5# #.#
#.# #.#
#.####
#.#..#
#[#..#


You could see an ice beast and a friendly crimson imp.

Vanquished Creatures
  An adder (D:2)
  An ooze (D:1)
  4 dart slugs
  A leopard gecko (D:2)
  2 orcs
  9 bats
  4 giant cockroaches (D:1)
  8 hobgoblins
  2 jackals (D:2)
  A quokka (D:3)
  5 ball pythons
  5 frilled lizards
  7 goblins
  3 kobolds
  10 rats
63 creatures vanquished.

Vanquished Creatures (collateral kills)
  2 orcs (D:3)
  A hobgoblin (D:1)
  A kobold (D:1)
4 creatures vanquished.

Grand Total: 67 creatures vanquished

Notes
Turn   | Place    | Note
-------+----------+-------------------------------------------
     0 | D:1      | raph the Human Wizard began the quest for the Orb.
     0 | D:1      | Reached XP level 1. HP: 13/13 MP: 4/4
   243 | D:1      | Reached XP level 2. HP: 19/19 MP: 3/6
   275 | D:1      | Learned a level 2 spell: Blink
   278 | D:1      | Learned a level 2 spell: Call Imp
   539 | D:1      | Reached XP level 3. HP: 22/24 MP: 5/8
   562 | D:1      | Learned a level 3 spell: Conjure Flame
  1343 | D:2      | Reached XP level 4. HP: 21/31 MP: 2/9
  2852 | D:3      | Reached skill level 1 in Armour
  3120 | D:3      | Noticed Irenicus's ghost (amateur OpCK)
  3280 | D:4      | Noticed an ice beast
  3299 | D:4      | Slain by an ice beast

Skill      XL: |  1  2  3  4 |
---------------+-------------+-----
Conjurations   | 2 |  2.0
Armour         | 1 |  1.1
Fighting       | |  0.8
Maces & Flails | |  0.2
Dodging        | |  2.3
Stealth        | |  2.1
Spellcasting   | |  3.9
Summonings     | |  1.0
Translocations | |  1.0

Action                   |  1- 3 |  4- 6 || total
-------------------------+-------+-------++-------
Melee: Whip              |    33 |    44 ||    77
Throw: Throwing net      |       |     1 ||     1
 Cast: Magic Dart        |    66 |    73 ||   139
       Call Imp          |     2 |     4 ||     6
  Use: Scroll            |       |     6 ||     6
 Stab: Sleeping          |       |     3 ||     3
       Held in net/web   |       |     1 ||     1
  Eat: Chunk             |     1 |     6 ||     7
Armor: Robe              |     7 |       ||     7
       Leather armour    |       |    24 ||    24
Dodge: Dodged            |    31 |    30 ||    61
